 Dungeon Crawl Stone Soup version 5.2-4-g6121e92 (webtiles) character file.

2861 slep the Cleaver (level 11, -17/84 HPs)
             Began as a Demonspawn Gladiator on Dec 6, 2017.
             Killed by the air
             ... invoked by Gastronok
              (19 damage)
             ... on level 10 of the Dungeon.
             The game lasted 00:25:48 (7631 turns).

slep the Cleaver (Demonspawn Gladiator)             Turns: 7631, Time: 00:25:49

Health: -17/84     AC: 15 (14%)Str: 17  XL:     11   Next: 3%
Magic:  0/11       EV: 15    Int: 10    God:
Gold:   838        SH: 10    Dex: 15    Spells: 10/10 levels left

rFire    . . .     SeeInvis .   a - +0 war axe
rCold    . . .     Faith    .   P - +2 shield {reflect}
rNeg     + . .     Spirit   +   s - +3 leather armour
rPois    .         Reflect  +   D - +1 hat
rElec    .                      y - +0 cloak "Pycwy" {Slay+6}
rCorr    .                      x - +0 pair of gloves
MR       +....                  R - +0 pair of boots
Stlth    ++........             i - amulet of guardian spirit
Regen    0.3/turn               K - ring of protection from magic
MPRegen  0.4/turn               o - ring of positive energy

@: slowed, very slow
A: antennae 1, repulsion field 1, icemail 1, magic shield, magic regeneration,
frozen heart
a: no special abilities


You were on level 10 of the Dungeon.
You were not hungry.

You visited 1 branch of the dungeon, and saw 10 of its levels.

You collected 838 gold pieces.

Inventory:

Hand Weapons
 a - a +0 war axe (weapon)
 L - a +3 hand axe
 M - a +3 halberd
Missiles
 d - 311 poisoned darts
 e - a curare dart
 f - 2158 stones
 k - 1093 arrows
 n - 537 bolts
 p - 169 tomahawks (quivered)
 r - 191 javelins
Armour
 b - a +0 leather armour
 c - a +0 helmet
 g - a +0 ring mail
 s - a +3 leather armour (worn)
 x - a +0 pair of gloves (worn)
 y - the +0 cloak "Pycwy" (worn) {Slay+6}
   (You found it on level 5 of the Dungeon)

   It affects your accuracy and damage with ranged weapons and melee attacks
   (+6).
 D - a +1 hat (worn)
 P - a +2 shield of reflection (worn)
 R - a +0 pair of boots (worn)
Jewellery
 i - an amulet of guardian spirit (around neck)
 j - a +3 ring of intelligence
 o - a ring of positive energy (right hand)
 H - an uncursed ring of fire
 K - a ring of protection from magic (left hand)
Wands
 E - a wand of digging (7)
 F - a wand of polymorph (9)
 J - a wand of paralysis (7)
 O - a wand of flame (10)
Scrolls
 h - 3 scrolls of amnesia
 m - 2 scrolls of fear
 q - 2 scrolls of enchant armour
 v - a scroll of magic mapping
 C - a scroll of fog
 I - a scroll of summoning
 Q - 3 scrolls of enchant weapon
 S - a scroll of teleportation
Potions
 l - 2 potions of magic
 t - a potion of resistance
 u - 2 potions of haste
 w - 2 potions of mutation
 z - 2 potions of berserk rage
 A - 3 potions of flight
 B - a potion of curing
 G - 3 potions of lignification
 N - a potion of heal wounds


   Skills:
 + Level 7.2 Fighting
 + Level 11.6 Axes
 + Level 2.8 Throwing
 + Level 3.7 Armour
 + Level 6.9 Dodging
 + Level 3.2 Stealth
 + Level 1.2 Shields


You had 10 spell levels left.
You didn't know any spells.

Dungeon Overview and Level Annotations

Branches:
Dungeon (10/15)

Altars:
Cheibriados
Dithmenos
Elyvilon
Gozag
Hepliaklqana
Jiyva
Kikubaaqudgha
Makhleb
Okawaru
Qazlal
Ru
Sif Muna
Trog
Uskayaw
Vehumet
Xom
Yredelemnul
Zin
The Shining One

Annotations:
D:10 Gastronok


Innate Abilities, Weirdness & Mutations

You have a pair of small antennae on your head.
You are surrounded by a mild repulsion field. (EV +2)
A meltable icy envelope protects you from harm. (AC +5)
When hurt, damage is shared between your health and your magic reserves.
You regenerate magic rapidly.
Your frozen heart empowers your ice magic.


Message History

You slice Gastronok (19)!!
Gastronok is severely wounded.
Gastronok looks at you and mumbles some strange words.
You feel yourself slow down.
You slash Gastronok (14)!
Gastronok is almost dead.
Gastronok bites you (6).
* * * LOW HITPOINT WARNING * * *
You slash Gastronok (13)!
Gastronok is almost dead.
You hit Gastronok but do no damage.
Gastronok is almost dead.
The quokka twitches its whiskers.
Gastronok looks at you while chanting.
You feel as though you will be slow longer.
You hit Gastronok (6).
Gastronok is almost dead.
Gastronok waves his eye-stalks in wide circles.
The air twists around and strikes you (21)!
You die...

#########
######################
........#
#....@wr..............
........#
#..####r..........####
........# #..# ...........#
........# #).####...........#
........####.................#
.............................#
..>........#####.............#
...........# .............#
...........# ............#


You could see Gastronok and 2 quokkas.

Vanquished Creatures
  Erica (D:10)
  A two-headed ogre (D:5)
  Pikel (D:7)
  Joseph (D:7)
  A gargoyle (D:10)
  2 spiny frogs (D:10)
  A troll (D:10)
  A wyvern (D:8)
  Eustachio (D:6)
  An angry ghost (D:9)
  2 water moccasins
  4 orc warriors
  An ice beast (D:9)
  A slave (D:7)
  2 wasps
  3 black bears
  7 ogres
  A centaur (D:8)
  2 bullfrogs (D:8)
  A wyvern zombie (D:7)
  4 scorpions
  4 crimson imps
  9 killer bees (D:9)
  10 wights (D:7)
  A howler monkey (D:6)
  A centaur zombie (D:5)
  2 bullfrog skeletons
  3 hounds
  2 jellies
  2 orc priests
  12 orc wizards
  2 centaur skeletons
  5 worker ants
  A killer bee zombie (D:6)
  2 iguanas
  6 adders
  A shadow imp (D:9)
  An ooze (D:3)
  An adder skeleton (D:4)
  3 dart slugs
  21 orcs
  4 quokkas
  4 giant cockroaches
  9 goblins
  13 hobgoblins
  6 jackals
  5 bats
  5 frilled lizards
  6 kobolds
  A quokka skeleton (D:5)
  11 rats
192 creatures vanquished.

Notes
Turn   | Place    | Note
-------+----------+-------------------------------------------
     0 | D:1      | slep the Demonspawn Gladiator began the quest for the Orb.
     0 | D:1      | Reached XP level 1. HP: 16/16 MP: 1/1
    96 | D:1      | Gained mutation: A meltable icy envelope protects you from harm. (AC +5) [demonic ancestry]
    96 | D:1      | Reached XP level 2. HP: 13/22 MP: 2/2
   296 | D:1      | Reached skill level 3 in Axes
   659 | D:2      | Gained mutation: Your frozen heart empowers your ice magic. [demonic ancestry]
   659 | D:2      | Reached XP level 3. HP: 22/27 MP: 1/3
   666 | D:2      | Found a faded altar of an unknown god.
   702 | D:2      | Found a shadowy altar of Dithmenos.
   997 | D:2      | Reached skill level 1 in Armour
  1226 | D:2      | Found a bloodstained altar of Trog.
  1229 | D:2      | Found a hide-covered altar of Uskayaw.
  1230 | D:2      | Found a white marble altar of Elyvilon.
  1230 | D:2      | Found a hazy altar of Hepliaklqana.
  1232 | D:2      | Found an iron altar of Okawaru.
  1232 | D:2      | Found a shimmering altar of Xom.
  1232 | D:2      | Found a deep blue altar of Sif Muna.
  1234 | D:2      | Found an ancient bone altar of Kikubaaqudgha.
  1239 | D:2      | Found a stormy altar of Qazlal.
  1685 | D:3      | Gained mutation: You are surrounded by a mild repulsion field. (EV +2) [demonic ancestry]
  1685 | D:3      | Reached XP level 4. HP: 33/33 MP: 4/4
  1699 | D:3      | Found an opulent altar of Gozag.
  1881 | D:3      | Reached skill level 4 in Axes
  1881 | D:3      | Gained mutation: You have a pair of small antennae on your head. [demonic ancestry]
  1881 | D:3      | Reached XP level 5. HP: 29/39 MP: 5/5
  2235 | D:3      | Found a snail-covered altar of Cheibriados.
  2610 | D:4      | Reached XP level 6. HP: 41/46 MP: 4/6
  2640 | D:4      | Reached skill level 5 in Axes
  2678 | D:4      | Found a burning altar of Makhleb.
  2801 | D:4      | Found a viscous altar of Jiyva.
  3007 | D:5      | Entered Level 5 of the Dungeon
  3086 | D:5      | Reached skill level 6 in Axes
  3086 | D:5      | Gained mutation: You regenerate magic rapidly. [demonic ancestry]
  3086 | D:5      | Reached XP level 7. HP: 27/52 MP: 7/7
  3104 | D:5      | Got the +0 cloak "Pycwy" {Slay+6}
  3380 | D:5      | Noticed a two-headed ogre
  3391 | D:5      | Killed a two-headed ogre
  3391 | D:5      | Reached skill level 7 in Axes
  3391 | D:5      | Reached XP level 8. HP: 16/60 MP: 4/8
  3659 | D:6      | Reached skill level 5 in Dodging
  3679 | D:6      | Reached skill level 8 in Axes
  3680 | D:6      | Found a basalt altar of Yredelemnul.
  3683 | D:6      | Found a sacrificial altar of Ru.
  3703 | D:6      | Found a radiant altar of Vehumet.
  3736 | D:6      | Found a glowing silver altar of Zin.
  3738 | D:6      | Found a glowing golden altar of the Shining One.
  3886 | D:6      | Noticed Eustachio
  3906 | D:6      | Killed Eustachio
  4490 | D:6      | Gained mutation: When hurt, damage is shared between your health and your magic reserves. [demonic ancestry]
  4490 | D:6      | Reached XP level 9. HP: 65/66 MP: 9/9
  4753 | D:7      | Noticed Pikel
  4764 | D:7      | Reached skill level 9 in Axes
  4766 | D:7      | Reached skill level 5 in Fighting
  4787 | D:7      | Killed Pikel
  4787 | D:7      | Reached skill level 1 in Stealth
  5102 | D:7      | Reached skill level 10 in Axes
  5137 | D:7      | Noticed Joseph
  5148 | D:7      | Killed Joseph
  5160 | D:7      | Found a radiant altar of Vehumet.
  5346 | D:7      | Reached XP level 10. HP: 57/76 MP: 8/10
  6796 | D:9      | Reached skill level 11 in Axes
  7162 | D:10     | Entered Level 10 of the Dungeon
  7162 | D:10     | Noticed a gargoyle
  7197 | D:10     | Killed a gargoyle
  7543 | D:10     | Noticed a spiny frog
  7547 | D:10     | Noticed a spiny frog
  7553 | D:10     | Killed a spiny frog
  7558 | D:10     | Killed a spiny frog
  7558 | D:10     | Reached skill level 1 in Shields
  7589 | D:10     | Noticed Erica
  7599 | D:10     | Killed Erica
  7599 | D:10     | Reached XP level 11. HP: 15/84 MP: 11/11
  7607 | D:10     | Noticed Gastronok
  7617 | D:10     | HP: 4/84 [Gastronok (4)]
  7619 | D:10     | HP: 1/84 [Gastronok (4)]
  7628 | D:10     | HP: 1/84 [Gastronok (2)]
  7631 | D:10     | Killed from afar by Gastronok

Skill      XL: |  1  2  3  4  5  6  7  8  9 10 |
---------------+-------------------------------+-----
Dodging        | 3 4 5 6 |  6.9
Axes           | 3 4 6 7 8 10 11 | 11.6
Armour         | 1 2 3 |  3.7
Fighting       | 3 4 6 7 |  7.2
Throwing       | 2 |  2.8
Stealth        | 1 3 |  3.2
Shields        | 1 |  1.2

Action                   |  1- 3 |  4- 6 |  7- 9 | 10-12 || total
-------------------------+-------+-------+-------+-------++-------
Melee: War axe           |   137 |   154 |   212 |   203 ||   706
Throw: Poisoned dart     |     6 |     5 |       |     7 ||    18
       Tomahawk          |       |       |       |     8 ||     8
       Curare dart       |       |       |       |     2 ||     2
  Use: Potion            |       |     1 |       |     2 ||     3
 Stab: Sleeping          |     2 |       |     1 |     3 ||     6
Armor: Ring mail         |    34 |       |       |       ||    34
       Leather armour    |    19 |    69 |    53 |    72 ||   213
Dodge: Dodged            |   110 |   137 |   150 |   176 ||   573
Block: Shield            |       |       |       |    40 ||    40
       Reflection        |       |       |       |     1 ||     1
